 Dungeon Crawl Stone Soup version 0.30-a0-1113-ga8025317a9 (webtiles) character file.

Game seed: 6612226020104415634

225 Gynju the Shield-Bearer (level 5, -8/47 HPs)
             Began as a Minotaur Fighter on Apr 18, 2023.
             Killed by divine providence
             ... invoked by an orc priest
              (13 damage)
             ... on level 3 of the Dungeon on Apr 20, 2023.
             The game lasted 00:02:44 (2203 turns).

Gynju the Shield-Bearer (Minotaur Fighter)          Turns: 2203, Time: 00:02:45

Health: -8/47      AC:  7    Str: 22    XL:     5   Next: 68%
Magic:  4/4        EV:  9    Int:  5    God:
Gold:   123        SH:  0    Dex: 10    Spells: 4/4 levels left

rFire   . . .      SeeInvis .    a - +0 war axe
rCold   . . .      Faith    .    c - +0 buckler
rNeg    . . .      Spirit   .    b - +0 scale mail
rPois   .          Reflect  .    (helmet restricted)
rElec   .          Rampage  .    (no cloak)
rCorr   +                        (no gloves)
Will    .....                    (no boots) Stlth
                                 (no amulet)
HPRegen 0.27/turn                j - ring of resist corrosion
MPRegen 0.09/turn                k - ring of flight

@: confused, flying
A: horns 2, retaliatory headbutt
a: no special abilities


You were on level 3 of the Dungeon.
You visited 1 branch of the dungeon, and saw 3 of its levels.

You collected 123 gold pieces.

Inventory:

Hand Weapons
 a - a +0 war axe (weapon)
Missiles
 e - a throwing net (quivered)
Armour
 b - a +0 scale mail (worn)
 c - a +0 buckler (worn)
Jewellery
 j - a ring of resist corrosion (left hand)
 k - a ring of flight (right hand)
Wands
 r - a wand of roots (3)
 u - a wand of charming (5)
Scrolls
 h - a scroll of silence {unknown}
 i - 2 scrolls of teleportation {unknown}
 l - a scroll of noise {unknown}
 s - a scroll of fear {unknown}
Potions
 d - 3 potions of might
 f - 3 potions of attraction {unknown}
 g - a potion of brilliance {unknown}
 m - a potion of flight {unknown}
 n - a potion of curing {unknown}
 o - a potion of haste {unknown}
 p - a potion of degeneration {unknown}
 q - a potion of mutation {unknown}
 t - 2 potions of heal wounds {unknown}


   Skills:
 + Level 4.9 Fighting
 + Level 4.1 Axes
 + Level 5.0 Armour
 + Level 5.0 Shields


You had 4 spell levels left.
You didn't know any spells.
Your spell library contained the following spells:

 Spells                   Type           Power      Damage    Failure   Level
 Magic Dart               Conj           0%         1d3       86%         1
 Poisonous Vapours        Pois/Air       0%         N/A       95%         2
 Searing Ray              Conj           0%         2d4       95%         2
 Mephitic Cloud           Conj/Pois/Air  0%         N/A       99%         3
 Fulminant Prism          Conj/Hex       0%         3d5       100%        4
 Freezing Cloud           Conj/Ice/Air   0%         6-21      100%        5


Dungeon Overview and Level Annotations

Branches:
Dungeon (3/15)

Altars:

Shops:
D:2 (=**


Innate Abilities, Weirdness & Mutations

You have a pair of horns on your head.
You reflexively headbutt those who attack you in melee.


Message History

A puff of flame appears from out of thin air!
The puff of flame hits you but does no damage.
You miss something. Something hits you but does no damage. Something hits you.
You closely miss something. You block something's attack.
You hit something. Something hits you.
You barely miss something.
You hear some strange, mumbled words.
You are confused.
Something hits you.
You bump into the rock wall.
Something hits you but does no damage.
You bump into the rock wall.
Something hits you but does no damage.
You bump into the rock wall.
Something hits you but does no damage.
The orc priest looks satisfied for a moment.
You hear some strange, mumbled words.
A puff of flame appears from out of thin air!
The puff of flame hits you! Something hits you.
You barely miss something. You headbutt something.
Something hits you but does no damage.
The orc priest mumbles some strange prayers to Beogh against you.
Beogh smites you!
You bump into the rock wall.
You feel less confused.
The orc priest looks braver for a moment.
You block something's attack.
You closely miss something. Something hits you.
You hit something but do no damage.
Something hits you but does no damage. x2
You miss something.
The orc priest invokes the aid of Beogh against you.
Beogh smites you!
* * * LOW HITPOINT WARNING * * *
Something hits you but does no damage.
You closely miss something.
You hear some strange, mumbled words.
You are confused.
You bump into the rock wall.
Something hits you.
* * * LOW HITPOINT WARNING * * *
The orc priest invokes the aid of Beogh against you.
Beogh smites you!
You die...

.............###.
#########........
## #...........
#. #.##........
## #.##.####.#.
#.##.# ... #.##.#
# #.##.# #@##.#
#{# .# #o# #o#
... #.# ... ###


You could see an orc priest and an orc.

Vanquished Creatures
  An orc priest (D:3)
  Ijyb (D:3)
  Natasha (thrice) (D:2)
  4 gnolls
  An adder (D:2)
  A worm (D:3)
  2 dart slugs
  3 endoplasms
  3 giant cockroaches
  3 hobgoblins
  6 kobolds
  4 quokkas
  2 ball pythons (D:1)
  2 bats
  2 frilled lizards (D:1)
  5 goblins
  3 rats
46 creatures vanquished.

Notes
Turn   | Place    | Note
-------+----------+-------------------------------------------
     0 | D:1      | Gynju the Minotaur Fighter began the quest for the Orb.
     0 | D:1      | Reached XP level 1. HP: 19/19 MP: 0/0
   219 | D:1      | Reached XP level 2. HP: 24/27 MP: 1/1
   893 | D:2      | Found Inwix's Jewellery Shoppe.
   935 | D:2      | Reached XP level 3. HP: 27/29 MP: 2/2
   951 | D:2      | Noticed Natasha
   957 | D:2      | Killed Natasha
  1041 | D:2      | Found Teid's Antique Weapon Boutique.
  1054 | D:2      | Noticed Natasha
  1064 | D:2      | Killed Natasha
  1065 | D:2      | Reached XP level 4. HP: 30/41 MP: 3/3
  1132 | D:2      | Found Zorobo's Weapon Boutique.
  1145 | D:2      | Found Yfaicucka's Assorted Antiques.
  1206 | D:2      | Found a faded altar of an unknown god.
  1293 | D:2      | Noticed Natasha
  1300 | D:2      | Killed Natasha
  1461 | D:2      | Found Quatwext's Assorted Antiques.
  1784 | D:2      | Reached XP level 5. HP: 23/47 MP: 4/4
  1872 | D:2      | Upgraded the game from 0.30-a0-1102-g2dbb833546 to
                  | 0.30-a0-1113-ga8025317a9
  2081 | D:3      | Noticed Ijyb
  2107 | D:3      | Killed Ijyb
  2187 | D:3      | Reached skill level 5 in Armour
  2187 | D:3      | Reached skill level 5 in Shields
  2203 | D:3      | Killed from afar by an orc priest

Illustrated notes

Levels and vault maps discovered:
D:1:      minmay_arrival_loop, layout_basic, minmay_pentomino_v4
D:2:      layout_basic, shapermc_ecumenical_altar_venn, serial_shops,
          nicolae_shop_tiny_real_fake_doors, nicolae_shop_gaudy_bauble,
          nicolae_shop_bloodbath_and_beyond, nicolae_lakefront_shop,
          nicolae_diamond_shop, uniq_natasha
D:3:      layout_basic, uniq_ijyb

Skill      XL: |  1  2  3  4  5 |
---------------+----------------+-----
Armour         | 4 5 |  5.0
Shields        | 4 5 |  5.0
Fighting       | 4 |  4.9
Axes           | 3 4 |  4.1

Action                     |  1- 3 |  4- 6 || total
---------------------------+-------+-------++-------
  Melee: War axe           |    59 |    78 ||   137
         Headbutt          |     5 |    10 ||    15
 Armour: Scale mail        |    30 |    39 ||    69
  Dodge: Dodged            |    19 |    30 ||    49
  Block: Buckler           |    16 |    16 ||    32

Table legend: (Time is in decaauts)
 A = Elapsed time spent in this place.
 B = Non-inter-level travel time spent in this place.
 C = Inter-level travel time spent in this place.
 D = Time resting spent in this place.
 E = Time spent auto-exploring this place.
 F = Levels seen in this place.
 G = Mean time per level.
                   A        B        C        D        E       F      G
               +--------+--------+--------+--------+--------+-----+--------+
         Total |   2269 |   2176 |     93 |     88 |   1731 |   3 |  756.3 |
       Dungeon |   2269 |   2176 |     93 |     88 |   1731 |   3 |  756.3 |
               +--------+--------+--------+--------+--------+-----+--------+

Top non-repeatable levels by time:
     D:2: 949 daAuts
     D:1: 847 daAuts
     D:3: 472 daAuts
